 Dungeon Crawl Stone Soup version 0.23-a0-119-ga86c9e7 (webtiles) character file.

163 GrunderHorse the Archer (level 5, -3/41 HPs)
             Began as a Centaur Hunter on Aug 24, 2018.
             Killed by divine providence
             ... invoked by an orc priest
              (10 damage)
             ... on level 3 of the Dungeon.
             The game lasted 00:02:56 (2868 turns).

GrunderHorse the Archer (Centaur Hunter)            Turns: 2868, Time: 00:02:56

Health: -3/41      AC:  4    Str: 14    XL:     5   Next: 20%
Magic:  5/5        EV: 13    Int: 10    God:
Gold:   76         SH:  0    Dex: 11    Spells: 4/4 levels left

rFire    . . .     SeeInvis .   a - +1 shortbow
rCold    . . .     Gourm    .   (shield currently unavailable)
rNeg     . . .     Faith    .   c - +0 leather armour
rPois    .         Spirit   .   (no helmet)
rElec    .         Reflect  .   (no cloak)
rCorr    .         Harm     .   (no gloves)
MR       .....                  (no barding)
Stlth    +.........             (no amulet)
HPRegen  0.13/turn              m - +4 ring of evasion
MPRegen  0.09/turn              (no ring)

@: very quick
A: large, hooves 3, deformed body, speed 2, tough skin 3
a: no special abilities


You were on level 3 of the Dungeon.
You were not hungry.

You visited 1 branch of the dungeon, and saw 3 of its levels.

You collected 76 gold pieces.

Inventory:

Hand Weapons
 a - a +1 shortbow (weapon)
 b - a +2 dagger of protection
Missiles
 d - 30 arrows (quivered)
 r - 4 javelins
Armour
 c - a +0 leather armour (worn)
 v - a +0 pair of gloves
Jewellery
 m - a +4 ring of evasion (left hand)
Scrolls
 e - a scroll of remove curse {unknown}
 g - a scroll of teleportation {unknown}
 j - 2 scrolls of identify {unknown}
 l - a scroll of enchant armour {unknown}
 n - a scroll of amnesia {unknown}
 s - a scroll of fear {unknown}
 u - 2 scrolls of magic mapping {unknown}
Potions
 h - 3 potions of magic {unknown}
 i - 3 potions of agility {unknown}
 k - a potion of haste {unknown}
 o - 2 potions of heal wounds {unknown}
 p - a potion of invisibility {unknown}
 q - 2 potions of degeneration {unknown}
 t - a potion of might {unknown}
Comestibles
 f - 5 rations
 w - a chunk of flesh


   Skills:
 - Level 2.0 Fighting
 + Level 8.6 Bows
 - Level 1.3 Dodging
 - Level 0.4 Stealth


You had 4 spell levels left.
You didn't know any spells.
Your spell library contained the following spells:

 Spells                   Type           Power        Failure   Level  Hunger
 Corona                   Hex            #......      43%         1    ##.....
 Ensorcelled Hibernation  Hex/Ice        #.....       58%         2    ###....
 Confuse                  Hex            #.......     82%         3    ####...
 Dazzling Spray           Conj/Hex       #.....       82%         3    ####...
 Tukima's Dance           Hex            #.......     82%         3    ####...


Dungeon Overview and Level Annotations

Branches:
Dungeon (3/15)

Altars:

Annotations:
D:3 1 runed door, CougarLife's ghost, amateur GnFi


Innate Abilities, Weirdness & Mutations

You have hooves in place of feet.
Armour fits poorly on your strangely shaped body.
You cover ground very quickly.
You have extremely tough skin. (AC +3)


Message History

The arrow closely misses the orc priest.
The arrow hits the orc.
The orc is moderately wounded.
The orc priest mumbles some strange prayers to Beogh against you.
Beogh smites you!
* * * LOW HITPOINT WARNING * * *
Firing (i - inventory. (/) - cycle)
d - 32 arrows (quivered)
Press: ? - help, Shift-Dir - straight line, f/p - orc priest
Aim: an orc priest, wielding an antimagic flail and wearing a leather armour (severely wounded)
You shoot an arrow.
The arrow hits the orc priest but does no damage.
The orc priest is severely wounded.
Firing (i - inventory. (/) - cycle)
d - 31 arrows (quivered)
Press: ? - help, Shift-Dir - straight line, f/p - orc priest
Aim: an orc priest, wielding an antimagic flail and wearing a leather armour (severely wounded)
You shoot an arrow. The arrow hits the orc priest.
The orc priest is severely wounded.
The orc priest invokes the aid of Beogh against you.
Beogh smites you!
You die...

#########
#...@...#
#o#####.#
#########
#.# #.#
...>....#
#o# #.#
#.#####.#
#(# #.#
#.# #.#
#o# #.#
#.## #.#
#(# #.#
...# #.#
#(# #.#
...# #.#
#.# #.#


You could see an orc priest.

Vanquished Creatures
  Natasha (twice) (D:3)
  5 adders
  2 oozes
  A dart slug (D:2)
  4 leopard geckos
  3 orcs (D:3)
  A ball python (D:2)
  3 giant cockroaches
  5 goblins
  5 hobgoblins
  A jackal (D:1)
  A quokka (D:2)
  6 bats
  5 frilled lizards
  A jackal skeleton (D:2)
  5 kobolds
  4 rats
54 creatures vanquished.

Notes
Turn   | Place    | Note
-------+----------+-------------------------------------------
     0 | D:1      | GrunderHorse the Centaur Hunter began the quest for the Orb.
     0 | D:1      | Reached XP level 1. HP: 17/17 MP: 1/1
   270 | D:1      | Reached skill level 6 in Bows
   270 | D:1      | Reached XP level 2. HP: 24/24 MP: 2/2
  1003 | D:2      | Reached XP level 3. HP: 29/29 MP: 3/3
  1117 | D:2      | Reached skill level 7 in Bows
  1542 | D:2      | Reached XP level 4. HP: 35/36 MP: 4/4
  2069 | D:3      | Found a runed door.
  2074 | D:3      | Noticed CougarLife's ghost (amateur GnFi)
  2078 | D:3      | Noticed Natasha
  2093 | D:3      | Killed Natasha
  2152 | D:3      | Reached skill level 8 in Bows
  2318 | D:3      | Noticed Natasha
  2348 | D:3      | Killed Natasha
  2348 | D:3      | Reached XP level 5. HP: 13/41 MP: 5/5
  2868 | D:3      | Killed from afar by an orc priest

Vault maps used:
D:1:      dpeg_arrival_lava_altar
D:3:      overflow_temple_1_default, ebering_ghost_sewer_f, first_ration,
          feat_on_display, uniq_natasha

Skill      XL: |  1  2  3  4 |
---------------+-------------+-----
Bows           | 6 7 8 |  8.6
Fighting       | |  2.0
Dodging        | |  1.3
Stealth        | |  0.4

Action                   |  1- 3 |  4- 6 || total
-------------------------+-------+-------++-------
Melee: Short sword       |    58 |    36 ||    94
       Dagger            |    26 |    25 ||    51
       Kick              |    14 |    10 ||    24
 Fire: Shortbow          |    13 |    34 ||    47
  Eat: Chunk             |     1 |     4 ||     5
Armor: Leather armour    |    28 |    19 ||    47
Dodge: Dodged            |    46 |    48 ||    94

Table legend:
 A = Non-vault XP
 B = Vault XP
 C = Vault XP percentage of total XP
 D = Non-vault monster count
 E = Vault monster count
 F = Vault count percentage of total count
                 A         B        C        D         E       F
            +---------+---------+-------+---------+---------+-------
      Total |     199 |      35 |  15.0 |      53 |       1 |   1.9
            +---------+---------+-------+---------+---------+-------
        D:1 |      25 |       0 |   0.0 |      13 |       0 |   0.0
        D:2 |      77 |       0 |   0.0 |      21 |       0 |   0.0
        D:3 |      97 |      35 |  26.5 |      19 |       1 |   5.0
            +---------+---------+-------+---------+---------+-------
